 Dungeon Crawl Stone Soup version 0.18-a0-1285-g60d00e1 (webtiles) character file.

298 Lathuz the Shield-Bearer (level 6, -5/37 HPs)
             Began as a Gargoyle Fighter on Feb 8, 2016.
             Killed by divine providence
             ... invoked by an orc priest
              (13 damage)
             ... on level 4 of the Dungeon.
             The game lasted 00:06:07 (3362 turns).

Lathuz the Shield-Bearer (Gargoyle Fighter)         Turns: 3362, Time: 00:06:08

Health: -5/37      AC: 11    Str: 20    XL:     6   Next: 35%
Magic:  6/6        EV:  7    Int:  8    God:
Gold:   83         SH: 10    Dex: 11    Spells: 0 memorised, 5 levels left

rFire  . . .     SeeInvis .     a - +0 flail
rCold  . . .     Gourm    .     b - +0 scale mail
rNeg   + . .     Faith    .     c - +0 shield
rPois  ∞         Spirit   .     (no helmet)
rElec  +         Dismiss  .     (no cloak)
rCorr  .         Reflect  .     (no gloves)
SustAt .         Harm     .     (no boots)
MR     .....                    (no amulet)
Stlth  ..........               (no ring)
                                (no ring)

@: not resistant to hostile enchantments, extremely unstealthy
A: negative energy resistance 1, electricity resistance, unbreathing,
petrification resistance, rot immunity, AC +4
a: no special abilities


You were on level 4 of the Dungeon.
You were not hungry.

You visited 1 branch of the dungeon, and saw 4 of its levels.

You collected 83 gold pieces.

Inventory:

Hand Weapons
 a - a +0 flail (weapon)
Missiles
 g - 132 stones (quivered)
Armour
 b - a +0 scale mail (worn)
 c - a +0 shield (worn)
Scrolls
 h - 4 scrolls of identify {unknown}
 k - 3 scrolls of teleportation {unknown}
 o - a scroll of enchant armour {unknown}
 p - 3 scrolls of remove curse {unknown}
 q - 2 scrolls of recharging {unknown}
 s - a scroll of fog {unknown}
 t - a scroll of noise {unknown}
Potions
 d - a potion of might
 e - 3 potions of curing {unknown}
 l - a potion of lignification {unknown}
 m - a potion of brilliance {unknown}
 n - 2 potions of cancellation {unknown}
 u - a potion of berserk rage {unknown}
 v - a potion of invisibility {unknown}
Comestibles
 f - 3 bread rations
 i - 6 meat rations
 j - 4 fruits
 r - a beef jerky
 w - a chunk of flesh


   Skills:
 - Level 3.2 Fighting
 + Level 4.6 Maces & Flails
 - Level 3.2 Armour
 + Level 5.9 Shields


You had 5 spell levels left.
You didn't know any spells.

Dungeon Overview and Level Annotations

Branches:
Dungeon (4/15)
 Temple: D:4-7

Altars:
Vehumet


Innate Abilities, Weirdness & Mutations

You are resistant to torment.
Your stone body is resilient (AC +4).
You are immune to poison.
You resist negative energy.
You are resistant to electric shocks.
You can survive without breathing.
You are immune to petrification.
You are immune to rotting.


Message History

The giant frog skeleton barely misses you.
You hit the giant frog skeleton.
You destroy the giant frog skeleton!
The orc warrior hits you from afar with a glaive.
You hit the orc priest but do no damage.
You block the orc warrior's attack. You block the orc priest's attack.
You hit the orc priest but do no damage.
The orc priest hits you but does no damage.
The orc warrior hits you from afar with a glaive!
You hit the orc priest but do no damage.
The orc priest barely misses you.
The orc warrior hits you from afar with a glaive!
* * * LOW HITPOINT WARNING * * *
You block the orc priest's attack.
You barely miss the orc priest.
The orc warrior hits you from afar with a glaive.
* * * LOW HITPOINT WARNING * * *
The orc priest invokes the aid of Beogh against you.
Something smites you!
You die...

# #.#.#.. #.
#.#.#. ##
.#.##.......
......... .
..........#
........#.#####
>.>.....o......
#o# #..... #@#
#....#.#.#
#....#.#.#
##....#.#.#
.....#.#.#
#####...#.#.#
#..<#...#.#.#
#.###)..#.#.#
#.# #...#.#.#


You could see an orc warrior and an orc priest.

Vanquished Creatures
  The ghost of M4edhros the Charlatan, an amateur OpAr (D:3)
  2 orc wizards
  A giant frog skeleton (D:4)
  Ijyb (D:1)
  3 adders
  An ooze (D:1)
  A worm (D:2)
  2 giant geckos
  8 orcs (D:3)
  A ball python (D:3)
  9 goblins
  6 hobgoblins
  15 jackals
  A quokka (D:3)
  5 bats
  2 giant newts (D:1)
  10 kobolds
  7 rats
76 creatures vanquished.

Notes
Turn   | Place    | Note
--------------------------------------------------------------
     0 | D:1      | Lathuz the Gargoyle Fighter began the quest for the Orb.
     0 | D:1      | Reached XP level 1. HP: 14/14 MP: 1/1
    50 | D:1      | Reached XP level 2. HP: 19/19 MP: 2/2
   461 | D:1      | Reached XP level 3. HP: 19/23 MP: 3/3
   699 | D:1      | Reached skill level 4 in Shields
  1103 | D:2      | Noticed Ijyb
  1163 | D:1      | Killed Ijyb
  1163 | D:1      | Reached XP level 4. HP: 23/28 MP: 4/4
  1541 | D:2      | Found a faded altar to an unknown god.
  1937 | D:3      | Noticed M4edhros's ghost (amateur OpAr)
  1953 | D:3      | Killed M4edhros's ghost
  1953 | D:3      | Reached skill level 5 in Shields
  1953 | D:3      | Reached XP level 5. HP: 32/32 MP: 5/5
  1994 | D:3      | Found a radiant altar of Vehumet.
  2527 | D:2      | Reached XP level 6. HP: 27/37 MP: 6/6
  3348 | D:4      | Noticed an orc warrior
  3362 | D:4      | Killed from afar by an orc priest

Vault maps used:
D:1:      lightli_molten_gateway, grunt_decor_resistance
D:2:      ecumenical_altar_1, hangedman_decor_riveting, uniq_iyjb
D:3:      lemuel_doored_altar, first_bread
D:4:      lemuel_crystal_altar

Action                   |  1- 3 |  4- 6 || total
-------------------------+-------+-------++-------
Melee: Flail             |   147 |   247 ||   394
  Eat: Chunk             |     1 |     8 ||     9
